 Dungeon Crawl Stone Soup version 0.28.0-53-g5a82cb258f (webtiles) character file.

Game seed: 17616829930305250239

49 Martska the Grasshopper (level 4, -4/33 HPs)
             Began as a Human Warper on June 1, 2022.
             Succumbed to a goblin's poison
             ... on level 2 of the Dungeon.
             The game lasted 00:03:57 (2157 turns).

Martska the Grasshopper (Human Warper)              Turns: 2157, Time: 00:03:57

Health: -4/33      AC:  3    Str: 13    XL:     4   Next: 2%
Magic:  7/7        EV: 12    Int: 13    God:
Gold:   59         SH:  0    Dex: 13    Spells: 2/7 levels left

rFire   x . .      SeeInvis .   a - +0 spear
rCold   + . .      Faith    .   (no shield)
rNeg    . . .      Spirit   .   b - +0 leather armour
rPois   .          Reflect  .   (no helmet)
rElec   .          Harm     .   (no cloak)
rCorr   +          Rampage  .   (no gloves)
Will    .....                   (no boots)
Stlth   +.........              (no amulet)
HPRegen 0.11/turn               j - ring of resist corrosion
MPRegen 0.10/turn               f - ring of ice

@: lethally poisoned (-4 -> -28)
A: no striking features
a: no special abilities


You were on level 2 of the Dungeon.
You visited 1 branch of the dungeon, and saw 2 of its levels.

You collected 59 gold pieces.

Inventory:

Hand Weapons
 a - a +0 spear (weapon)
Missiles
 d - 5 boomerangs of dispersal (quivered)
 e - 5 boomerangs
Armour
 b - a +0 leather armour (worn)
Jewellery
 f - a ring of ice (right hand)
 j - a ring of resist corrosion (left hand)
Scrolls
 c - a scroll of teleportation {unknown}
Potions
 k - a potion of berserk rage {unknown}
 l - a potion of might {unknown}


   Skills:
 * Level 2.2 Fighting
 * Level 2.4 Polearms
 - Level 1.0 Throwing
 + Level 1.4 Armour
 * Level 2.4 Dodging
 * Level 1.3 Stealth
 + Level 2.1 Spellcasting
 + Level 3.2 Translocations


You had 2 spell levels left.
You knew the following spells:

 Your Spells              Type           Power      Damage    Failure   Level
a - Blink                 Tloc           18%        N/A       13%         2
b - Teleport Other        Tloc           9%         N/A       26%         3

Your spell library contained the following spells:

 Spells                   Type           Power      Damage    Failure   Level
 Gell's Gravitas          Tloc           9%         N/A       26%         3
 Lesser Beckoning         Tloc           9%         N/A       26%         3
 Manifold Assault         Tloc           9%         N/A       93%         5


Dungeon Overview and Level Annotations

Branches:
Dungeon (2/15)

Altars:


Message History

You feel agile.
You closely miss the goblin. The goblin hits you with a +3 dagger.
You hit the goblin but do no damage. The goblin closely misses you.
You hit the goblin.
The goblin is moderately wounded.
The goblin hits you with a +3 dagger.
You hit the goblin.
You kill the goblin!
The goblin hits you with a +0 dagger of venom.
You are poisoned.
You closely miss the goblin.
You feel very sick.
A goblin comes into view. It is wielding a +0 club.
The goblin hits you with a +0 dagger of venom.
You are lethally poisoned!
You are too injured to fight recklessly!
You are too injured to fight recklessly!
You are too injured to fight recklessly!
You are too injured to fight recklessly!
You are too injured to fight recklessly!
You are too injured to fight recklessly!
You are too injured to fight recklessly!
You are too injured to fight recklessly!
You are too injured to fight recklessly!
You are too injured to fight recklessly!
You are too injured to fight recklessly!
You are too injured to fight recklessly!
You are too injured to fight recklessly!
You are too injured to fight recklessly!
* * * LOW HITPOINT WARNING * * *
You feel very sick.
Things that are here:
a +3 dagger; a goblin corpse
* * * LOW HITPOINT WARNING * * *
You feel very sick.
The goblin hits you with a +0 dagger of venom.
* * * LOW HITPOINT WARNING * * *
You are more poisoned.
There is a stone staircase leading up here.
You die...

##. #.. .g. .. ...
###.###.# .....#.##
#. ### #......# #....
#...#..# #...#
#...g..# #...#
##.@)#.# #...#
#.#.#.#####...#####
##.#.#.#...........#
....................(
#####.###...†.......#
#.# #####...##### #.#
#...# ..# #...# #...#


You could see a goblin.

Vanquished Creatures
  Robin (D:1)
  A ball python (D:1)
  12 goblins
  3 hobgoblins
  2 jackals (D:1)
  3 quokkas (D:1)
  3 bats
  3 frilled lizards (D:1)
  5 rats
33 creatures vanquished.

Notes
Turn   | Place    | Note
-------+----------+-------------------------------------------
     0 | D:1      | Martska the Human Warper began the quest for the Orb.
     0 | D:1      | Reached XP level 1. HP: 16/16 MP: 3/3
   261 | D:1      | Found a faded altar of an unknown god.
   516 | D:1      | Reached XP level 2. HP: 22/22 MP: 5/5
   568 | D:1      | Reached skill level 1 in Stealth
  1294 | D:2      | Noticed Robin
  1329 | D:1      | Reached XP level 3. HP: 18/27 MP: 6/6
  1455 | D:1      | HP: 1/27 [Robin/+0 falchion (6)]
  1564 | D:1      | Killed Robin
  1964 | D:2      | Learned a level 2 spell: Blink
  1968 | D:2      | Learned a level 3 spell: Teleport Other
  2150 | D:2      | Reached XP level 4. HP: 27/33 MP: 7/7
  2156 | D:2      | HP: 1/33 [goblin/+0 dagger of venom[Robin] (3)]
  2157 | D:2      | Succumbed to a goblin's poison

Illustrated notes

Levels and vault maps discovered:
D:1:      dpeg_arrival_arbitrary_b, layout_basic,
          ebering_ecumenical_altar_petrified
D:2:      layout_loops_cross, uniq_robin

Skill      XL: |  1  2 |
---------------+-------+-----
Stealth        | 1 |  1.3
Fighting       | |  2.2
Polearms       | |  2.4
Throwing       | |  1.0
Armour         | |  1.4
Dodging        | |  2.4
Spellcasting   | |  2.1
Translocations | |  3.2

Action                   |  1- 3 |  4- 6 || total
-------------------------+-------+-------++-------
Melee: Spear             |   148 |     5 ||   153
       Punch             |     3 |       ||     3
  Use: Potion            |     3 |       ||     3
       Scroll            |     2 |       ||     2
 Stab: Sleeping          |     2 |       ||     2
Armor: Leather armour    |    25 |       ||    25
       Skin              |     9 |       ||     9
Dodge: Dodged            |    55 |     1 ||    56
